Map: Nightshade LE

Players

Swarm - Winner!

  • Race: Zerg Zerg
  • League: Master
  • Spawn Location: 11:00

ARTHUZ

  • Race: Terran Terran
  • League: Silver
  • Spawn Location: 5:00

VOD

Have the link to the VOD?

Description

This is how I envision what's the best build orders for beginners. It's normal to not execute perfectly the first time but the goal is here(and I'm also not doing it perfectly ;) ). It's very standard so adjustments are in order if you want to play safer or more scout heavy with creep,...
For example:
I do not remove the drone in the first gas to make it simpler.
I kept my usual camera setups and control groups setup but you can modulate it of course.
My upgrades and T3 are late in order to focus more on macro/injects.
I don't make spores against banshees/liberators/oracles/...
And so on...

Time

  • Played on: Dec. 21, 2019, 4:36 a.m.
  • Length: 14:35
Show
View Real Time Build Order
Export as new Build Order

Swarm Zerg - Winner!

Build Orders: Hatch First, Ling Bane Hydra, Zergling Baneling 

Get SALT Encoding   

  12  0:05  Drone  
  13  0:13  Overlord  
  13  0:17  Drone  
  14  0:33  Drone x2  
  16  0:49  Hatchery  
  15  0:52  Drone  
  15  0:56  Drone  
  17  0:59  Drone  
  17  1:02  Extractor  
  17  1:16  Spawning Pool  
  17  1:18  Drone  
  17  1:24  Drone  
  18  1:32  Drone  
  19  1:45  Drone  
  20  1:54  Drone  
  21  2:02  Drone  
  21  2:03  Queen x2  
  21  2:05  Metabolic Boost  
  26  2:12  Zergling x4  
  28  2:20  Overlord  
  28  2:44  Hatchery  
  28  2:47  Drone x2  
  28  2:48  Drone x3  
  28  2:51  Drone  
  33  2:59  Drone  
  33  3:00  Overlord  
  34  3:11  Lair  
  34  3:13  Drone x2  
  36  3:21  Drone x4  
  36  3:24  Drone  
  36  3:25  Drone  
  42  3:30  Overlord  
  42  3:39  Drone  
  42  3:40  Baneling Nest  
  42  3:43  Drone x2  
  44  3:57  Extractor x2  
  44  3:59  Queen  
  45  4:02  Drone  
  45  4:03  Drone x6  
  51  4:13  Drone x3  
  51  4:14  Hydralisk Den  
  51  4:16  Overlord  
  53  4:17  Overlord  
  53  4:18  Drone x2  
  55  4:28  Centrifical Hooks  
  55  4:30  Drone x3  
  58  4:37  Overseer  
  58  4:44  Drone x6  
  64  4:48  Grooved Spines  
  64  4:50  Drone x4  
  64  4:52  Drone  
  69  5:00  Extractor  
  69  5:01  Extractor  
  67  5:08  Drone  
  67  5:09  Drone x6  
  67  5:13  Hatchery  
  73  5:29  Extractor, Overlord x2  
  73  5:30  Overlord x2  
  73  5:31  Overlord x2  
  73  5:34  Pneumatized Carapace  
  72  5:38  Drone x2  
  74  5:51  Drone x3  
  77  5:58  Hatchery  
  77  6:00  Muscular Augments  
  77  6:04  Drone x10  
  77  6:10  Zergling x2  
  87  6:18  Zergling x2  
  87  6:19  Zergling x14  
  87  6:23  Overseer  
  95  6:26  Overseer  
  95  6:30  Queen  
  95  6:31  Hydralisk x6  
  109  6:34  Hydralisk  
  111  6:40  Zergling x2  
  111  6:46  Zergling x12  
  118  6:48  Baneling x16  
  118  6:52  Hatchery  
  117  6:55  Hydralisk  
  117  6:56  Overlord  
  117  6:57  Overlord x2  
  117  6:58  Overlord  
  119  7:13  Queen  
  121  7:17  Hydralisk x10  
  141  7:24  Overlord  
  141  7:26  Zergling x2  
  141  7:27  Zergling x14  
  149  7:32  Overlord  
  149  7:33  Overlord  
  149  7:34  Overlord x2  
  149  7:42  Zergling x12  
  155  7:45  Overlord  
  155  7:48  Zergling x2  
  155  7:49  Zergling x6  
  159  7:56  Hydralisk x2  
  159  7:57  Hydralisk x4  
  171  8:01  Overlord  
  171  8:04  Queen  
  173  8:06  Zergling x10  
  178  8:15  Hydralisk x5  
  188  8:20  Zergling x8  
  188  8:21  Zergling x2  
  188  8:24  Hydralisk x2  
  188  8:26  Hydralisk  
  197  8:29  Zergling x2  
  197  8:31  Baneling x10  
  197  8:32  Baneling  
  200  8:58  Evolution Chamber  
  200  8:59  Evolution Chamber  
  200  9:02  Infestation Pit  
  185  9:08  Zergling x10  
  185  9:09  Zergling x56  
  179  9:22  Extractor  
  179  9:23  Extractor  
  179  9:24  Drone x8  
  166  9:26  Drone x9  
  164  9:32  Hydralisk  
  164  9:34  Hydralisk  
  164  9:35  Hydralisk x3  
  164  9:36  Hydralisk  
  175  9:38  Zerg Melee Weapons Level 1  
  175  9:41  Zerg Ground Armor Level 1  
  175  9:43  Overseer  
  169  9:54  Baneling x8  
  169  9:55  Baneling x21  
  165  10:06  Hive  
  152  10:14  Hydralisk x10  
  172  10:39  Zergling x2  
  172  10:40  Zergling x50  
  198  10:43  Hydralisk  
  198  10:45  Baneling x3  
  198  10:46  Baneling x20  
  198  10:47  Baneling x2  
  200  11:23  Adrenal Glands  
  200  11:37  Zerg Ground Armor Level 2, Zerg Melee Weapons Level 2  
  200  11:56  Baneling  
  200  11:57  Baneling x24  
  200  11:58  Baneling x24  
  200  11:59  Baneling  
  200  12:06  Baneling x6  
  200  12:07  Baneling  
  200  12:18  Overlord  
  200  12:19  Overlord  
  200  12:28  Spire  
  199  12:39  Overseer  
  199  12:41  Drone  
  200  12:48  Baneling x7  
  200  12:50  Overseer  
  128  13:37  Hydralisk  
  128  13:38  Hydralisk x29  
  177  13:41  Zergling x14  
  177  13:42  Zergling x32  
  198  13:50  Zergling x6  
  198  13:51  Zergling x2  
  194  14:00  Zergling x20  
  200  14:08  Overseer  
  198  14:13  Overseer  
Show
View Real Time Build Order
Export as new Build Order

ARTHUZ Terran 

Build Orders: Reaper Expand 

Get SALT Encoding   

  12  0:01  SCV  
  13  0:13  SCV  
  14  0:17  Supply Depot  
  14  0:25  SCV  
  15  0:38  SCV  
  15  0:41  Barracks  
  16  0:47  Refinery  
  16  0:51  SCV  
  17  1:03  SCV  
  18  1:15  SCV  
  19  1:28  Orbital Command  
  19  1:33  Reaper  
  20  1:40  Command Center  
  20  1:54  SCV  
  21  2:02  Supply Depot  
  21  2:05  Marine  
  22  2:21  SCV  
  23  2:27  Factory  
  23  2:33  SCV  
  23  2:34  Barracks Tech Lab  
  23  2:36  Barracks Reactor  
  24  2:42  Refinery  
  24  2:45  SCV  
  25  2:53  Orbital Command  
  25  2:59  SCV  
  26  3:14  Factory Tech Lab  
  26  3:15  Starport  
  26  3:16  Marine x2  
  28  3:24  Barracks  
  28  3:25  Barracks  
  28  3:28  SCV  
  28  3:30  SCV  
  30  3:42  Marine x2, SCV  
  30  3:44  Bunker  
  33  3:49  Siege Tank  
  33  3:53  SCV  
  33  3:54  SCV  
  38  3:58  Starport Reactor  
  38  4:00  Marine x2  
  40  4:09  Command Center  
  40  4:15  SCV x2  
  42  4:18  Marine x2  
  42  4:19  Barracks Reactor  
  42  4:20  Barracks Tech Lab  
  44  4:46  Stimpack  
  44  4:48  SCV  
  44  4:49  SCV  
  46  4:57  Supply Depot x2  
  46  5:10  Refinery  
  46  5:15  Refinery  
  46  5:18  Supply Depot  
  46  5:19  Marine x2, Siege Tank, Viking, Supply Depot  
  46  5:20  SCV x2  
  55  5:31  Marine x3  
  55  5:32  SCV  
  59  5:36  Marine x2  
  61  5:45  SCV x2  
  61  5:47  Orbital Command  
  61  5:48  Marine  
  61  5:49  Marine  
  65  5:53  Medivac  
  65  5:54  Marine x3  
  70  6:02  Engineering Bay  
  70  6:15  Supply Depot  
  70  6:16  Supply Depot  
  70  6:26  SCV x3, Combat Shield  
  70  6:29  Engineering Bay  
  73  6:38  SCV x3  
  73  6:39  Supply Depot  
  76  6:50  SCV  
  76  6:51  Terran Infantry Weapons Level 1  
  76  6:54  SCV x2  
  79  6:56  Armory  
  79  7:02  Terran Infantry Armor Level 1  
  79  7:17  Barracks  
  79  7:18  Barracks  
  79  7:24  SCV  
  79  7:27  SCV x2  
  82  7:36  Marine x5, SCV  
  88  7:53  Marine  
  88  7:54  Marine x4  
  93  8:06  Marine x2  
  93  8:08  Barracks  
  93  8:09  Medivac x2  
  93  8:11  Marine  
  93  8:12  Marine x4  
  104  8:13  Siege Tank  
  104  8:16  SCV x3  
  110  8:28  SCV x3  
  110  8:29  Marine  
  110  8:30  Marine x3  
  110  8:33  Barracks Reactor  
  110  8:34  Barracks Reactor  
  117  8:36  Barracks  
  117  8:37  Barracks  
  117  9:05  Marine x3  
  117  9:08  Marine  
  117  9:10  Marine  
  117  9:11  Siege Tank  
  98  9:22  Marine  
  98  9:23  Marine x7  
  90  9:25  Marine  
  90  9:27  Marine  
  74  9:40  Marine  
  74  9:41  Marine x7  
  77  10:02  Marine  
  77  10:03  Marine  
  77  10:04  Marine  
  77  10:09  Terran Infantry Weapons Level 2  
  77  10:18  Command Center  
  77  10:22  Supply Depot x2  
  77  10:23  Supply Depot  
  77  10:25  Supply Depot  
  77  10:41  Terran Vehicle Weapons Level 1  
  77  10:43  Marine x6, SCV x2  
  77  10:44  Marine x4, SCV  
  90  10:50  Barracks  
  90  10:51  Barracks  
  90  10:54  Terran Infantry Armor Level 2  
  90  10:55  SCV  
  91  11:01  Marine x6  
  91  11:02  Marine x4, Medivac x2  
  91  11:04  Siege Tank  
  108  11:10  Ghost Academy  
  108  11:19  Marine  
  109  11:29  Marine x9  
  118  11:36  Marine, Siege Tank  
  122  11:41  Refinery  
  122  11:44  Refinery  
  122  11:46  Marine x8  
  130  11:47  Marine  
  130  11:48  SCV x2  
  130  11:50  Barracks Reactor  
  130  11:51  Barracks Reactor  
  133  11:54  Marine  
  134  12:04  Marine x8  
  134  12:05  Marine  
  143  12:09  Personal Cloaking  
  143  12:12  Marine  
  143  12:15  Barracks  
  144  12:16  Barracks  
  144  12:17  Barracks  
  144  12:22  Marine x4  
  148  12:33  Planetary Fortress  
  148  12:53  Marine x8  
  148  12:56  Supply Depot  
  156  13:17  Marine x8  
  156  13:18  Barracks Reactor x3  
  164  13:21  Marine  
  164  13:22  Marine x2  
  164  13:23  Marine x3, SCV  
  89  13:35  Marine x8, Nuke  
  89  13:36  SCV  
  89  13:39  Marine  
  89  13:40  Marine x3  
  86  13:41  Marine x2  
  81  13:53  Marine x8  
  84  13:56  Marine  
  84  13:58  Marine x3  
  84  13:59  Marine x2  
  86  14:07  Marine  
  86  14:08  Marine x5  
  92  14:11  Marine x8  
  92  14:14  Marine  
  92  14:16  Marine x3  
  92  14:17  Marine x2  
Tags
 
Add a new tag
Caveats
  • Supply blocks, unpowered buildings, or Contaminate may cause inaccurate times.
  • Supply counts are checked every 10 seconds.